 Dungeon Crawl Stone Soup version 0.20.1-1-g8b1a95d (webtiles) character file.

214 pomescollege the Poker (level 5, -5/38 HPs)
             Began as a Merfolk Skald on Dec 28, 2017.
             Slain by an ogre
             ... wielding a +0 giant club
              (13 damage)
             ... on level 3 of the Dungeon.
             The game lasted 00:09:43 (3290 turns).

pomescollege the Poker (Merfolk Skald)              Turns: 3290, Time: 00:09:43

Health: -5/38      AC:  7    Str: 11    XL:     5   Next: 91%
Magic:  0/8        EV: 13    Int: 12    God:
Gold:   171        SH:  0    Dex: 21    Spells: 0/8 levels left

rFire    . . .     SeeInvis .   a - +0 spear
rCold    . . .     Gourm    .   (no shield)
rNeg     + . .     Faith    .   b - +1 leather armour
rPois    .         Spirit   .   n - +1 helmet
rElec    .         Reflect  .   q - +0 cloak
rCorr    .         Harm     .   (no gloves)
MR       .....                  (no boots)
Stlth    ++........             (no amulet)
Regen    0.2/turn               k - +6 ring of dexterity
MPRegen  0.2/turn               l - ring of positive energy

@: infused
A: change form in water, swift swim, stealthy swim
a: no special abilities


You were on level 3 of the Dungeon.
You were not hungry.

You visited 1 branch of the dungeon, and saw 4 of its levels.

You collected 171 gold pieces.

Inventory:

Hand Weapons
 a - a +0 spear (weapon)
Armour
 b - a +1 leather armour (worn)
 f - a +0 ring mail
 n - a +1 helmet (worn)
 q - a +0 cloak (worn)
Jewellery
 k - a +6 ring of dexterity (left hand)
 l - a ring of positive energy (right hand)
Scrolls
 g - a scroll of teleportation {unknown}
 j - 3 scrolls of remove curse
Potions
 d - a potion of invisibility
 e - a potion of might {unknown}
 h - a potion of brilliance {unknown}
 m - a potion of cancellation {unknown}
Books
 c - a book of Battle

   Spells                             Type                      Level
   a - Infusion                       Charms                       1
   b - Shroud of Golubria             Charms/Translocation         2
   c - Song of Slaying                Charms                       2
   d - Spectral Weapon                Hexes/Charms                 3
   e - Regeneration                   Charms/Necromancy            3
Comestibles
 i - a royal jelly
 o - 2 chunks of flesh


   Skills:
 - Level 2.1 Fighting
 * Level 7.2 Polearms
 - Level 0.6 Armour
 - Level 2.6 Dodging
 - Level 2.0 Spellcasting
 + Level 4.8 Charms


You couldn't memorise any spells.
You knew the following spells:

 Your Spells              Type           Power        Failure   Level  Hunger
a - Infusion              Chrm           ##..         4%          1    ##.....
b - Song of Slaying       Chrm           ##......     8%          2    ###....
c - Spectral Weapon       Hex/Chrm       #.......     36%         3    ####...
d - Shroud of Golubria    Chrm/Tloc      #.........   21%         2    ###....


Dungeon Overview and Level Annotations

Branches:
Dungeon (4/15)
 Temple: D:4-7

Altars:

Annotations:
D:4 Pikel


Message History

There is a stone staircase leading down here.
Casting: Infusion
Confirm with . or Enter, or press ? or * to list all spells.
You begin infusing your attacks with magical energy.
The ogre hits you with a giant club!
You barely miss the ogre.
The ogre is lightly wounded.
The ogre barely misses you.
You hit the ogre.
The ogre is moderately wounded.
You hit the ogre!
The ogre is severely wounded.
The ogre hits you with a giant club!
* * * LOW HITPOINT WARNING * * *
You hit the ogre.
The ogre is severely wounded.
You hit the ogre but do no damage.
The ogre is severely wounded.
The ogre hits you with a giant club!
You die...

### #.# #.#.#..#######...# ..#
#.#####................#
..########.#.............####...#
...........#..........##.####....
..##########..........##>.....#.#
..# ####.........#.#..###.#.#
#########..%.........##.......#..
.......รท..##.........#.##..##.#.#
.###########...O@.....###..##.#.#
..# #.....(...(..........# ..#
#.........#........### .##
#####.###...##..###### ..# #.#
##.#.......... .##
#.####........#### ##
#...........#.# # #
##.###..###.#.# # #.# #..# #.#.#


You could see an ogre.

Vanquished Creatures
  Crazy Yiuf (D:3)
  Terence (D:2)
  Jessica (D:2)
  A worker ant (D:4)
  Robin (D:3)
  3 adders
  An ooze (D:1)
  3 worms
  A leopard gecko (D:4)
  2 orcs (D:3)
  4 bats (D:1)
  A giant cockroach (D:1)
  9 goblins
  7 hobgoblins
  6 jackals (D:1)
  8 kobolds
  A quokka (D:3)
  2 ball pythons
  4 frilled lizards
  5 rats (D:1)
62 creatures vanquished.

Vanquished Creatures (others)
  A spectral weapon (D:3)
1 creature vanquished.

Grand Total: 63 creatures vanquished

Notes
Turn   | Place    | Note
-------+----------+-------------------------------------------
     0 | D:1      | pomescollege the Merfolk Skald began the quest for the Orb.
     0 | D:1      | Reached XP level 1. HP: 16/16 MP: 3/3
   351 | D:1      | Reached XP level 2. HP: 11/22 MP: 5/5
   636 | D:1      | Reached skill level 4 in Polearms
  1052 | D:1      | Reached XP level 3. HP: 25/27 MP: 6/6
  1558 | D:2      | Reached skill level 5 in Polearms
  1597 | D:2      | Noticed Terence
  1631 | D:2      | Killed Terence
  1631 | D:2      | Reached XP level 4. HP: 8/33 MP: 4/7
  1750 | D:2      | Learned a level 2 spell: Song of Slaying
  1754 | D:2      | Learned a level 3 spell: Spectral Weapon
  1924 | D:2      | Noticed Jessica
  1931 | D:2      | Killed Jessica
  2109 | D:2      | Reached skill level 6 in Polearms
  2440 | D:3      | Found a runed door.
  2611 | D:3      | Reached XP level 5. HP: 38/38 MP: 8/8
  2662 | D:3      | Noticed Robin
  2676 | D:3      | Killed Robin
  2969 | D:3      | Learned a level 2 spell: Shroud of Golubria
  2998 | D:3      | Noticed Crazy Yiuf
  3010 | D:3      | Killed Crazy Yiuf
  3194 | D:4      | Reached skill level 7 in Polearms
  3251 | D:4      | Noticed a slave
  3251 | D:4      | Noticed an ogre
  3252 | D:4      | Noticed a slave
  3253 | D:4      | Noticed a slave
  3254 | D:4      | Noticed Pikel
  3290 | D:3      | Slain by an ogre

Skill      XL: |  1  2  3  4  5 |
---------------+----------------+-----
Polearms       | 4 5 6 7 |  7.2
Charms         | 4 |  4.8
Fighting       | |  2.1
Armour         | |  0.6
Dodging        | |  2.6
Spellcasting   | |  2.0

Action                   |  1- 3 |  4- 6 || total
-------------------------+-------+-------++-------
Melee: Spear             |   147 |   130 ||   277
 Cast: Infusion          |     7 |    13 ||    20
       Song of Slaying   |       |     2 ||     2
       Shroud of Golubri |       |     2 ||     2
       Spectral Weapon   |       |     1 ||     1
  Use: Scroll            |     5 |     3 ||     8
 Stab: Sleeping          |     3 |       ||     3
  Eat: Chunk             |     1 |     3 ||     4
       Bread ration      |       |     1 ||     1
Armor: Leather armour    |    32 |    10 ||    42
Dodge: Dodged            |    68 |    41 ||   109
